 Dungeon Crawl Stone Soup version 0.24-a0-725-gf1a930fc54 (webtiles) character file.

Game seed: 1947431350671972882, levelgen mode: deterministic

44 Aggronaut the Insei (level 3, 0/28 HPs)
             Began as a Draconian Transmuter on Oct 1, 2019.
             Slain by a gnoll (3 damage)
             ... on level 2 of the Dungeon on Oct 22, 2019.
             The game lasted 00:05:53 (1266 turns).

Aggronaut the Insei (Draconian Transmuter)          Turns: 1266, Time: 00:05:53

Health: 0/28       AC:  6    Str: 12    XL:     3   Next: 41%
Magic:  5/6        EV: 12    Int: 13    God:
Gold:   63         SH:  0    Dex: 12    Spells: 5/6 levels left

rFire    . . .     SeeInvis .     - Unarmed
rCold    . . .     Gourm    .   (no shield)
rNeg     . . .     Faith    .   (armour unavailable)
rPois    .         Spirit   .   (helmet restricted)
rElec    .         Reflect  .   e - +0 cloak
rCorr    .         Harm     .   (no gloves)
MR       .....                  (no boots)
Stlth    +.........             (no amulet)
HPRegen  0.09/turn              (no ring)
MPRegen  0.10/turn              (no ring)

@: lethally poisoned (0 -> -2), appendage, drained
A: unfitting armour, horns 2, cold-blooded, AC +5
a: End Transformation


You were on level 2 of the Dungeon.
You were not hungry.
You had grown temporary horns.
You visited 1 branch of the dungeon, and saw 2 of its levels.

You collected 63 gold pieces.

Inventory:

Missiles
 a - 12 arrows
 h - 7 curare-tipped darts (quivered)
Armour
 e - a +0 cloak (worn)
Scrolls
 d - a scroll of amnesia {unknown}
 f - a scroll of identify {unknown}
Potions
 g - 2 potions of curing
 i - a potion of degeneration {unknown}
Comestibles
 c - 3 rations


   Skills:
 - Level 1.1(0.4) Fighting
 - Level 1.7(1.1) Dodging
 + Level 3.5(2.8) Unarmed Combat
 - Level 2.0(1.3) Spellcasting
 * Level 3.4(2.7) Transmutations


You had 5 spell levels left.
You knew the following spells:

 Your Spells              Type           Power        Failure   Level  Hunger
a - Beastly Appendage     Tmut           #.....       9%          1    ##.....

Your spell library contained the following spells:

 Spells                   Type           Power        Failure   Level  Hunger
 Sticks to Snakes         Tmut           #.......     14%         2    ###....
 Spider Form              Tmut/Pois      #.........   43%         3    ####...
 Ice Form                 Ice/Tmut       #.......     83%         4    #####..
 Blade Hands              Tmut           #.........   94%         5    ######.


Dungeon Overview and Level Annotations

Branches:
Dungeon (2/15)

Altars:


Innate Abilities, Weirdness & Mutations

Your plain brown scales are hard. (AC +5)
You cannot fit into any form of body armour.
You are cold-blooded and may be slowed by cold attacks.
You have a pair of horns on your head.


Message History

The gnoll is moderately wounded.
The gnoll barely misses you. The gnoll hits you with a +0 club.
* * * LOW HITPOINT WARNING * * *
* * * LOW HITPOINT WARNING * * *
You feel sick.
* * * LOW HITPOINT WARNING * * *
You feel sick. The gnoll barely misses you.
Your horns disappear.
* * * LOW HITPOINT WARNING * * *
You feel sick.
You barely miss the gnoll. The gnoll barely misses you.
* * * LOW HITPOINT WARNING * * *
You feel sick.
Casting: Beastly Appendage (safe; 9% risk of failure)
Confirm with . or Enter, or press ? or * to list all spells.
You grow a pair of large bovine horns.
The gnoll hits you but does no damage.
You closely miss the gnoll. You headbutt the gnoll.
The gnoll is lightly wounded.
The gnoll hits you.
You die...

## ######### .# #.......#
##### .# #.......# #...
.######.......###.#####.#
.)..>)(......ggg@.......#
.###.##.......###.#####.#
.# #..........'..........
g# ####.......###.#####..
.. #.......# #..)..# gg
######### #####.# ..
#..<# ... #.#.# #.#.#


You could see 3 gnolls.

Vanquished Creatures
  A gnoll (D:2)
  A dart slug (D:1)
  A leopard gecko (D:1)
  4 bats
  2 giant cockroaches (D:1)
  5 goblins
  6 hobgoblins
  A frilled lizard (D:1)
  3 kobolds
  7 rats
31 creatures vanquished.

Notes
Turn   | Place    | Note
-------+----------+-------------------------------------------
     0 | D:1      | Aggronaut the Draconian Transmuter began the quest for the
                  | Orb.
     0 | D:1      | Reached XP level 1. HP: 16/16 MP: 3/3
   137 | D:1      | Reached XP level 2. HP: 19/23 MP: 3/5
   817 | D:1      | Reached XP level 3. HP: 28/28 MP: 6/6
  1266 | D:2      | Slain by a gnoll

Levels and vault maps discovered:
D:1:      dpeg_arrival_simpleton_c, layout_basic
D:2:      layout_basic

Skill      XL: |  1  2 |
---------------+-------+-----
Transmutations | 3 |  3.4
Fighting       | |  1.1
Dodging        | |  1.7
Unarmed Combat | |  3.5
Spellcasting   | |  2.0

Action                   || total
-------------------------++-------
Melee: Unarmed           ||   108
       Tailslap          ||     8
       Kick              ||     3
       Headbutt          ||     5
       Punch             ||     1
 Cast: Beastly Appendage ||     7
  Use: Potion            ||     1
  Eat: Chunk             ||     1
Armor: Skin              ||    37
Dodge: Dodged            ||    67

Table legend:
 A = Non-vault XP
 B = Vault XP
 C = Vault XP percentage of total XP
 D = Non-vault monster count
 E = Vault monster count
 F = Vault count percentage of total count
                 A         B        C        D         E       F
            +---------+---------+-------+---------+---------+-------
      Total |      64 |       0 |   0.0 |      31 |       0 |   0.0
            +---------+---------+-------+---------+---------+-------
        D:1 |      43 |       0 |   0.0 |      25 |       0 |   0.0
        D:2 |      21 |       0 |   0.0 |       6 |       0 |   0.0
            +---------+---------+-------+---------+---------+-------
